 Dungeon Crawl Stone Soup version 0.22-a0-346-ga714374 (webtiles) character file.

118629 PegasusDuck the Basher (level 16, 0/112 HPs)
             Began as an Octopode Fighter on Apr 5, 2018.
             Was the Champion of Dithmenos.
             Killed from afar by a shock serpent (13 damage)
             ... with a bolt of electricity
             ... on level 2 of the Snake Pit on Apr 6, 2018.
             The game lasted 02:37:05 (48818 turns).

PegasusDuck the Basher (Octopode Fighter)          Turns: 48818, Time: 02:37:06

Health: 0/112      AC: 10    Str: 18    XL:     16   Next: 77%
Magic:  23/23      EV: 18    Int: 14    God:    Dithmenos [******]
Gold:   1820       SH: 17    Dex: 12    Spells: 10/15 levels left

rFire    . . .     SeeInvis +   a - +6 morningstar (protect)
rCold    + . .     Gourm    .   D - +5 shield
rNeg     + + .     Faith    .   (helmet restricted)
rPois    +         Spirit   .   p - amulet of magic regeneration
rElec    .         Reflect  .   f - ring of resist corrosion
rCorr    +         Harm     .   r - ring of protection from cold
MR       +....                  Y - ring of positive energy
Stlth    +++++++++.             E - ring of poison resistance
HPRegen  0.28/turn              M - ring of see invisible
MPRegen  0.43/turn              Q - +2 ring of protection
                                v - ring of positive energy
                                U - ring of wizardry

@: protection aura, wreathed by umbra
A: almost no armour, stealthy swim, amphibious, 8 rings, constrict 8, camouflage
1, gelatinous body 1
a: Shadow Step, Shadow Form, Renounce Religion


You were on level 2 of the Snake Pit.
You worshipped Dithmenos.
Dithmenos was exalted by your worship.
You were not hungry.

You visited 6 branches of the dungeon, and saw 27 of its levels.
You also visited: Ossuary.

You collected 2129 gold pieces.
You spent 309 gold pieces at shops.

Inventory:

Hand Weapons
 a - a +6 morningstar of protection (weapon)
 b - a +0 blowgun
 h - a +2 antimagic dagger
Missiles
 c - a throwing net
 l - 727 stones
 q - 12 needles of confusion
 G - 43 poisoned needles
 N - 2 javelins
 O - 14 tomahawks (quivered)
Armour
 D - a +5 shield (worn)
 L - the -2 hat of the Alchemist {rElec rPois rF+ rC+ rN+ MR+ rMut rCorr}
   (You found it on level 2 of the Lair of Beasts)

   It protects you from fire.
   It protects you from cold.
   It insulates you from electricity.
   It protects you from poison.
   It protects you from negative energy.
   It affects your resistance to hostile enchantments.
   It protects you from acid and corrosion.
   It protects you from mutation.
Jewellery
 f - a ring of resist corrosion (left tentacle)
 p - an amulet of magic regeneration (around mantle)
 r - a ring of protection from cold (right tentacle)
 v - a ring of positive energy (on tentacle)
 E - a ring of poison resistance (on tentacle)
 H - an uncursed ring of fire
 M - a ring of see invisible (on tentacle)
 P - an uncursed ring of ice
 Q - a +2 ring of protection (on tentacle)
 U - a ring of wizardry (on tentacle)
 Y - a ring of positive energy (on tentacle)
Wands
 n - a wand of acid (5)
 o - a wand of iceblast (1)
 t - a wand of polymorph (1)
 B - a wand of digging (24)
 I - a wand of enslavement (5)
 V - a wand of paralysis (9)
 X - a wand of random effects (28)
Scrolls
 e - a scroll of silence
 m - 2 scrolls of fog
 s - 11 scrolls of remove curse
 y - 11 scrolls of identify
 C - 2 scrolls of enchant armour
 F - 2 scrolls of teleportation
 J - 3 scrolls of magic mapping
 K - 2 scrolls of amnesia
Potions
 g - 3 potions of ambrosia
 i - 3 potions of flight
 j - 3 potions of brilliance
 k - 4 potions of curing
 w - a potion of haste
 z - a potion of magic
 A - 3 potions of mutation
Miscellaneous
 u - a phantom mirror
 S - a fan of gales
Comestibles
 d - 24 rations


   Skills:
 + Level 11.2 Fighting
 - Level 3.9(5.0) Short Blades
   Level 4.8(5.5) Long Blades
 + Level 13.9 Maces & Flails
 + Level 10.6 Throwing
 + Level 11.2 Dodging
 - Level 12.1 Stealth
 + Level 11.3 Shields
 - Level 4.6 Translocations
 - Level 5.1 Invocations
 - Level 10.3 Evocations


You had 10 spell levels left.
You knew the following spells:

 Your Spells              Type           Power        Failure   Level  Hunger
a - Blink                 Tloc           N/A          4%          2    ###....
b - Swiftness             Chrm/Air       #.......     26%         2    ###....
c - Apportation           Tloc           ##....       2%          1    ##.....


Dungeon Overview and Level Annotations

Branches:
Dungeon (15/15)            Temple (1/1) D:4            Lair (6/6) D:11
 Shoals (1/4) Lair:2        Snake (2/4) Lair:3        Slime (0/5) Lair:5
    Orc (2/2) D:9             Elf (0/3) Orc:2        Vaults (0/5) D:14
 Depths (0/5) D:15

Altars:
Ashenzari
Dithmenos
Elyvilon
Fedhas
Gozag
Hepliaklqana
Kikubaaqudgha
Makhleb
Nemelex Xobeh
Qazlal
Ru
Trog
Uskayaw
Vehumet
Wu Jian
Xom
Yredelemnul
Zin
The Shining One
Beogh

Shops:
D:4 (   D:10 *   Orc:2 [%**

Annotations:
D:10 exclusions: Nergalle and 1 more exclusion
D:13 Qupu's ghost, journeyman TeCK
Lair:2 Gastronok
Lair:6 exclusion: 3 oklob plants
Snake:1 Aizul
Orc:2 Donald


Innate Abilities, Weirdness & Mutations

You cannot wear most types of armour.
You are very stealthy in the water. (Stealth+)
You are amphibious.
You can wear up to eight rings at the same time.
You can use your tentacles to constrict eight enemies at once.
Your skin changes colour to match your surroundings (Stealth+).
Your rubbery body absorbs attacks. (AC +1, EV +1)


Message History

The shock serpent shoots out a bolt of lightning at you!
The bolt of electricity hits you! The bolt of electricity misses you.
You closely miss the shock serpent. Your grab misses the shock serpent.
The shock serpent is severely wounded.
You block the shock serpent's attack.
Unknown command.
You closely miss the shock serpent. Your grab misses the shock serpent.
The shock serpent is severely wounded.
Your shadow hits the shock serpent with a morningstar.
The shock serpent bites you. The shock serpent shocks you!
You miss the shock serpent. You grab the shock serpent.
You squeeze the shock serpent, but do no damage.
The shock serpent is severely wounded.
You constrict the shock serpent.
The shock serpent shoots out a bolt of lightning at you!
The bolt of electricity hits you! x2
* * * LOW HITPOINT WARNING * * *
The shock serpent shoots out a bolt of lightning at you!
The bolt of electricity hits you!
You die...

. .. ... #
#####.}.. #.
####(.....
...##### #......#
. .....# #..S@..#
..# #..###...!###
..# ####........#
#.## #.(.(...#####
...###.##........
...รท#N.#####..N##
........###......
..^..<....S.......
....)....##.......


You could see a shock serpent.

Vanquished Creatures
  Donald (Orc:2)
  Azrael (D:15)
  Josephine (D:11)
  A merfolk impaler (Shoals:1)
  4 ogre magi (Orc:2)
  A vault guard (D:14)
  A rakshasa (D:15)
  Erolcha (Orc:2)
  3 naga warriors (Snake:1)
  2 death knights (D:15)
  A hydra (Lair:3)
  3 anacondas
  16 two-headed ogres
  4 centaur warriors
  A merfolk aquamancer (Shoals:1)
  2 death yaks (Lair:4)
  2 orc high priests
  3 tengu warriors (D:15)
  2 shock serpents
  Nergalle (D:10)
  7 skeletal warriors
  7 sea snakes (Snake:1)
  2 unseen horrors
  3 wizards (D:14)
  A naga ritualist (Snake:1)
  Pikel (D:8)
  3 necromancers
  A phantasmal warrior (D:15)
  2 harpies (Shoals:1)
  2 orc knights
  5 fauns
  A frost giant zombie (D:15)
  2 deep elf magi
  7 ugly things
  A wolf spider zombie (D:14)
  An iron dragon zombie (D:15)
  4 mana vipers
  8 cyclopes
  3 salamanders (Snake:1)
  4 manticores
  Joseph (D:10)
  2 centaur zombies
  9 black mambas
  A fire giant skeleton (D:15)
  A naga mage (Snake:1)
  2 gargoyles (D:12)
  A merfolk siren (Shoals:1)
  9 spiny frogs
  An efreet (D:15)
  5 komodo dragons
  A tengu conjurer (D:13)
  A yaktaur (D:14)
  2 freezing wraiths
  4 wargs
  3 trolls
  5 merfolk (Shoals:1)
  4 polar bears
  3 hornets (Lair:6)
  A wind drake (Shoals:1)
  14 blink frogs
  5 slime creatures
  A harpy skeleton (D:15)
  An ice dragon zombie (D:15)
  9 dream sheep
  7 hippogriffs
  2 snapping turtles
  12 spriggans (Lair:6)
  18 yaks
  Sigmund (D:6)
  A vampire (D:12)
  2 water elementals
  8 wraiths
  6 wyverns
  Grum (Lair:1)
  A shadow (D:14)
  18 humans
  2 fire elementals
  6 vampire mosquitoes
  3 basilisks
  2 hungry ghosts
  Menkaure (D:6)
  7 nagas
  10 water moccasins
  5 hell hounds (D:15)
  6 porcupines
  18 orc warriors
  A slave (D:8)
  5 black bears
  5 ice beasts
  3 sky beasts (D:9)
  10 centaurs
  26 ogres
  A necrophage (D:12)
  4 boggarts (Lair:6)
  An eye of draining (D:6)
  A phantom (D:10)
  69 wolves
  10 crocodiles
  4 big kobolds
  20 bullfrogs
  3 scorpions
  4 killer bees (D:9)
  7 wights
  10 electric eels
  A howler monkey (D:7)
  10 crimson imps
  A lava snake (Orc:2)
  2 quasits (D:11)
  14 orc priests
  8 hounds
  4 jellies
  Crazy Yiuf (D:7)
  2 bullfrog skeletons
  3 centaur skeletons
  2 iguanas
  14 orc wizards
  11 worker ants
  A killer bee zombie (D:3)
  A hound zombie (D:7)
  13 mummies
  3 worker ant zombies
  6 gnolls
  10 adders
  A howler monkey skeleton (D:4)
  2 shadow imps
  3 oozes
  4 worms
  3 leopard geckos
  83 orcs
  9 giant cockroaches
  7 goblins
  8 hobgoblins
  8 jackals
  24 kobolds
  3 quokkas
  2 ball pythons
  3 bats (D:3)
  16 frilled lizards
  3 goblin skeletons (Ossuary)
  2 kobold skeletons (Ossuary)
  A leopard gecko skeleton (D:6)
  3 orc skeletons (Ossuary)
  A quokka skeleton (D:5)
  A quokka zombie (D:8)
  12 rats
  11 rat skeletons (Ossuary)
  A plant (Lair:5)
841 creatures vanquished.

Vanquished Creatures (collateral kills)
  Rupert (Lair:3)
  The ghost of DEFE the Carver, an adept DrMo of Ashenzari (Snake:1)
  A naga warrior (Snake:2)
  A catoblepas (Lair:6)
  3 two-headed ogres (Orc:2)
  4 death yaks (Lair:4)
  The ghost of EvilAshe the Thaumaturge, a journeyman DEVM of Sif Muna (Lair:3)
  A vampire mage (D:15)
  A naga mage (Lair:3)
  A komodo dragon (Lair:5)
  A water elemental (Shoals:1)
  A naga (Lair:3)
  An ogre (Orc:2)
  An orc wizard (Orc:2)
19 creatures vanquished.

Vanquished Creatures (others)
  2 two-headed ogres (Orc:2)
  A tengu warrior (D:15)
  A centaur skeleton (D:15)
  A wyvern (D:15)
  A slave (D:8)
  A sky beast (D:15)
  An ogre (Orc:2)
  A leopard gecko (D:8)
  26 fungi
  16 plants
  9 withered plants (D:15)
60 creatures vanquished.

Grand Total: 920 creatures vanquished

Notes
Turn   | Place    | Note
-------+----------+-------------------------------------------
     0 | D:1      | PegasusDuck the Octopode Fighter began the quest for the Orb.
     0 | D:1      | Reached XP level 1. HP: 16/16 MP: 1/1
    82 | D:1      | Reached skill level 1 in Stealth
    82 | D:1      | Reached XP level 2. HP: 21/21 MP: 2/2
   219 | D:1      | Reached XP level 3. HP: 16/26 MP: 3/3
  1142 | D:2      | Reached XP level 4. HP: 15/31 MP: 4/4
  1825 | D:2      | Found a glowing golden altar of the Shining One.
  2055 | D:2      | You fall through a shaft!
  2064 | D:3      | Reached skill level 1 in Throwing
  2064 | D:3      | Reached XP level 5. HP: 25/36 MP: 5/5
  3163 | D:3      | Noticed a fire elemental
  3165 | D:3      | Found a stormy altar of Qazlal.
  3191 | D:3      | Noticed a water elemental
  3194 | D:3      | Noticed an air elemental
  3397 | D:4      | Found Daqiatiz's Antique Weapon Emporium.
  3408 | D:4      | Reached skill level 1 in Evocations
  3408 | D:4      | Reached XP level 6. HP: 37/43 MP: 6/6
  3417 | D:4      | Reached skill level 1 in Short Blades
  4062 | D:4      | Found a sand-covered staircase.
  4071 | Ossuary  | Entered an ossuary
  4261 | Ossuary  | Reached XP level 7. HP: 48/48 MP: 8/8
  5060 | D:4      | Found a staircase to the Ecumenical Temple.
  5066 | Temple   | Entered the Ecumenical Temple
  5192 | Temple   | Became a worshipper of Dithmenos the Shadowed
  5390 | D:5      | Entered Level 5 of the Dungeon
  5401 | D:5      | Noticed Menkaure
  6607 | D:6      | Reached XP level 8. HP: 54/54 MP: 9/9
  6719 | D:6      | Found a sacrificial altar of Ru.
  6891 | D:6      | Found an ornate altar of the Wu Jian Council.
  6898 | D:6      | Found a glowing silver altar of Zin.
  6898 | D:6      | Found a white marble altar of Elyvilon.
  6900 | D:6      | Killed Menkaure
  6957 | D:6      | Found a radiant altar of Vehumet.
  7009 | D:6      | Found a bloodstained altar of Trog.
  7031 | D:6      | Reached skill level 5 in Stealth
  7112 | D:6      | Reached * piety under Dithmenos
  7394 | D:6      | Noticed Sigmund
  7400 | D:6      | Killed Sigmund
  7427 | D:6      | Reached skill level 5 in Shields
  7565 | D:7      | Reached skill level 5 in Fighting
  7565 | D:7      | Reached skill level 5 in Dodging
  7697 | D:7      | Reached XP level 9. HP: 61/61 MP: 11/11
  8270 | D:4      | Bought a runed short sword for 120 gold pieces
  8470 | D:7      | Reached ** piety under Dithmenos
  8743 | D:7      | Found a runed door.
  8748 | D:7      | Noticed Crazy Yiuf
  8753 | D:7      | Killed Crazy Yiuf
  9059 | D:8      | Noticed Pikel
  9094 | D:8      | Killed Pikel
  9814 | D:8      | Found a sacrificial altar of Ru.
  9941 | D:9      | Reached skill level 5 in Evocations
  9943 | D:9      | Reached XP level 10. HP: 27/68 MP: 13/13
 11153 | D:9      | Reached skill level 1 in Maces & Flails
 11244 | D:9      | Reached skill level 2 in Maces & Flails
 11271 | D:9      | Reached skill level 3 in Maces & Flails
 11611 | D:9      | Reached skill level 4 in Maces & Flails
 11773 | D:9      | Found a staircase to the Orcish Mines.
 11882 | D:9      | Found a roughly hewn altar of Beogh.
 11888 | D:9      | Reached skill level 5 in Maces & Flails
 11894 | D:9      | Reached *** piety under Dithmenos
 12307 | D:10     | Entered Level 10 of the Dungeon
 12307 | D:10     | Noticed Joseph
 12318 | D:10     | Killed Joseph
 12411 | D:10     | Reached skill level 6 in Maces & Flails
 12462 | D:10     | Noticed Nergalle
 12733 | D:10     | Noticed Snorg
 12790 | D:10     | Reached skill level 7 in Maces & Flails
 12842 | D:10     | Found Monnool's General Store.
 12917 | D:10     | Reached XP level 11. HP: 71/72 MP: 15/15
 13226 | D:11     | Noticed a manticore
 13239 | D:11     | Killed a manticore
 13500 | D:11     | Reached skill level 8 in Maces & Flails
 13840 | D:11     | Reached skill level 5 in Throwing
 14043 | D:11     | Found a staircase to the Lair.
 14216 | D:11     | Noticed Josephine
 14388 | D:11     | Killed Josephine
 14431 | Lair:1   | Entered Level 1 of the Lair of Beasts
 14457 | Lair:1   | Reached **** piety under Dithmenos
 15027 | Lair:1   | Noticed Grum
 15286 | Lair:1   | Killed Grum
 16297 | Lair:2   | Found the -2 hat of the Alchemist {rElec rPois rF+ rC+ rN+ MR+ rMut rCorr}
 16325 | Lair:2   | Noticed Gastronok
 16634 | Lair:2   | Reached XP level 12. HP: 62/81 MP: 18/18
 16933 | Lair:2   | Found a staircase to the Shoals.
 17491 | Lair:2   | Reached skill level 9 in Maces & Flails
 17934 | Lair:3   | Noticed Rupert
 17949 | Lair:3   | Noticed a seven-headed hydra
 18129 | Lair:3   | Found a staircase to the Snake Pit.
 18183 | Lair:3   | Noticed EvilAshe's ghost (journeyman DEVM)
 19244 | Lair:4   | Noticed a death yak
 19363 | Lair:4   | Noticed a death yak
 19364 | Lair:4   | Noticed a death yak
 19364 | Lair:4   | Noticed a death yak
 19642 | Lair:4   | Noticed a death yak
 19810 | Lair:4   | Killed a death yak
 19819 | Lair:4   | Killed a death yak
 19820 | Lair:4   | Noticed a death yak
 19825 | Lair:4   | Killed a death yak
 19838 | Lair:4   | Killed a death yak
 20377 | Lair:4   | Killed a death yak
 20382 | Lair:4   | Killed a death yak
 20503 | Lair:5   | Reached XP level 13. HP: 41/89 MP: 19/19
 21321 | Lair:5   | Found a staircase to the Slime Pits.
 22044 | Lair:6   | Entered Level 6 of the Lair of Beasts
 22204 | Lair:6   | Reached skill level 10 in Maces & Flails
 22562 | Lair:6   | Reached ***** piety under Dithmenos
 22972 | Lair:6   | Noticed an entropy weaver
 22972 | Lair:6   | a five-headed hydra changed into an entropy weaver
 22974 | Lair:6   | an entropy weaver changed into a catoblepas
 23393 | Lair:6   | Reached skill level 10 in Evocations
 25249 | Orc:1    | Entered Level 1 of the Orcish Mines
 25936 | Orc:1    | Identified a scroll of acquirement
 25955 | Orc:2    | Entered Level 2 of the Orcish Mines
 25955 | Orc:2    | Noticed Donald
 25989 | Orc:2    | Killed Donald
 25989 | Orc:2    | Reached XP level 14. HP: 97/97 MP: 21/21
 26055 | Orc:2    | Found a staircase to the Elven Halls.
 26206 | D:10     | Killed Nergalle
 26206 | D:10     | Reached skill level 10 in Stealth
 28113 | D:13     | Noticed Qupu's ghost (journeyman TeCK)
 28850 | Orc:2    | Noticed Erolcha
 29077 | Orc:1    | Reached ****** piety under Dithmenos
 29665 | Orc:2    | Killed Erolcha
 29665 | Orc:2    | Reached skill level 11 in Maces & Flails
 30774 | Orc:2    | Reached skill level 10 in Shields
 30785 | Orc:2    | Paralysed by an ogre mage for 4 turns
 30792 | Orc:2    | Reached skill level 10 in Fighting
 30792 | Orc:2    | Reached skill level 10 in Dodging
 31237 | Orc:2    | Found a roughly hewn altar of Beogh.
 31276 | Orc:2    | Reached XP level 15. HP: 77/103 MP: 22/22
 31449 | Orc:2    | Found Diurhem's Food Shop.
 31449 | Orc:2    | Found Bethudde's Antique Armour Emporium.
 31450 | Orc:2    | Found Ceblu's Assorted Antiques.
 31450 | Orc:2    | Found Bamil's Assorted Antiques.
 31806 | Orc:2    | Bought a short fluorescent wand for 84 gold pieces
 32327 | Orc:2    | Bought a thin filigree amulet for 105 gold pieces
 32398 | D:10     | Noticed Snorg
 32398 | D:10     | Snorg changed into Snorg the yak
 32402 | D:10     | Killed Snorg the yak
 32749 | D:13     | Reached skill level 12 in Maces & Flails
 32982 | D:13     | Reached skill level 1 in Invocations
 35448 | D:14     | Found a gate to the Vaults.
 35708 | D:15     | Entered Level 15 of the Dungeon
 35708 | D:15     | Found a shattered altar of Ashenzari.
 35717 | D:15     | Reached skill level 10 in Throwing
 37497 | D:15     | Noticed Azrael
 37754 | D:15     | Paralysed by a human for 7 turns
 38047 | D:15     | Killed Azrael
 39419 | D:14     | Upgraded the game from 0.22-a0-322-g60b3cfd to 0.22-a0-346-ga714374
 39588 | Snake:1  | Entered Level 1 of the Snake Pit
 39592 | Snake:1  | Reached XP level 16. HP: 111/111 MP: 23/23
 39632 | Lair:3   | Reached skill level 13 in Maces & Flails
 39718 | Lair:3   | Killed EvilAshe's ghost
 40130 | Lair:3   | Killed Rupert
 41385 | D:15     | Found a staircase to the Depths.
 42814 | Snake:1  | Learned a level 2 spell: Blink
 42817 | Snake:1  | Learned a level 2 spell: Swiftness
 43248 | Snake:1  | Reached skill level 1 in Translocations
 43250 | Snake:1  | You fall through a shaft!
 43250 | Snake:2  | Noticed Aizul
 43830 | Snake:1  | Noticed DEFE's ghost (adept DrMo)
 44076 | Lair:3   | Reached skill level 5 in Invocations
 44348 | Shoals:1 | Entered Level 1 of the Shoals
 44461 | Shoals:1 | Learned a level 1 spell: Apportation
 44516 | Shoals:1 | HP: 4/112 [faun/sling bullet (22)]
 46495 | Snake:1  | Killed DEFE's ghost
 47189 | Snake:1  | Found a glowing silver altar of Zin.
 48818 | Snake:2  | Killed from afar by a shock serpent

Vault maps used:
D:1:      erik_arrival_gehennom, corexii_corridor_pit, minmay_lizard_king
D:2:      tso_altar
D:3:      first_ration, nicolae_qazlal_style_of_elements
D:4:      minmay_wonky_spiral, minmay_temple_entry_fiery, serial_shops,
          kennysheep_mini_moat, gup_ossuary_entry_pyramid
D:5:      uniq_menkaure
D:6:      grunt_temple_overflow_open, trog_eyes_of_draining, uniq_sigmund
D:7:      uniq_crazy_yiuf_cottage
D:8:      nicolae_ru_the_path_less_chosen, uniq_pikel
D:9:      minmay_orc_entry_temple_small
D:10:     serial_shops, nicolae_shop_trees, uniq_nergalle, uniq_snorg,
          uniq_joseph
D:11:     uniq_josephine
D:14:     grunt_vaults_entry_tiered, infiniplex_staircase_pool_1
D:15:     gammafunk_depths_entry_grave, ashenzari_altar_1,
          kennysheep_kite_vault, uniq_azrael
Temple:   eino_temple_scatter_basement
Lair:1:   st_stairs_10, dpeg_stationary_puzzle, uniq_grum
Lair:2:   minmay_shoals_entry_hut, lab_entry_generic, uniq_gastronok
Lair:3:   minmay_snake_entry_guardpost_small, columned_hall_lemuel, uniq_rupert
Lair:4:   grunt_megastairs_1
Lair:5:   slime_dummy, grunt_forest_large_clearings
Lair:6:   minmay_lair_end_enchanted_forest, disabler_island
Shoals:1: cheibrodos_shoals_oceanic_diplomacy
Snake:1:  basic_altar
Snake:2:  serial_shops, shop, serial_bayou_shore_b, lemuel_fruit_tree,
          uniq_aizul
Orc:1:    library_closet
Orc:2:    st_orc_ogre_mass, basic_altar, nicolae_orc_lava_tube,
          nicolae_orc_flooded_monolith, uniq_donald, uniq_erolcha
Ossuary:  ossuary_due_small_catacomb

Skill      XL: |  1  2  3  4  5  6  7  8  9 10 11 12 13 14 15 16 |
---------------+-------------------------------------------------+-----
Stealth        | 1 2 3 4 5 7 9 11 12 | 12.1
Throwing       | 1 2 3 4 6 7 8 9 10 | 10.6
Evocations     | 1 2 3 5 6 8 9 10 | 10.3
Short Blades   | 1 2 3 |  3.9
Fighting       | 4 5 6 7 8 9 10 11 | 11.2
Shields        | 4 5 6 7 8 9 10 11 | 11.3
Dodging        | 4 5 6 7 8 9 10 11 | 11.2
Long Blades    | 3 4 |  4.8
Maces & Flails | 7 8 9 10 11 12 13 | 13.9
Invocations    | 4 5 |  5.1
Translocations | 4 |  4.6

Action                   |  1- 3 |  4- 6 |  7- 9 | 10-12 | 13-15 | 16-18 || total
-------------------------+-------+-------+-------+-------+-------+-------++-------
Melee: Long sword        |    67 |    61 |   113 |       |       |       ||   241
       Constrict         |    23 |    33 |    69 |    92 |   159 |    52 ||   428
       Tentacles         |    11 |    22 |    62 |   123 |   280 |    99 ||   597
       Dagger            |       |    48 |    52 |       |       |       ||   100
       Short sword       |       |       |    83 |       |       |       ||    83
       Scimitar          |       |       |    27 |    18 |       |       ||    45
       Morningstar       |       |       |       |   573 |  1406 |   432 ||  2411
 Fire: Blowgun           |       |       |       |    25 |       |       ||    25
Throw: Stone             |       |    18 |    57 |     3 |    30 |     8 ||   116
       Tomahawk          |       |       |     6 |    30 |   104 |    51 ||   191
       Javelin           |       |       |       |    33 |     1 |       ||    34
       Throwing net      |       |       |       |       |     1 |       ||     1
 Cast: Apportation       |       |       |       |       |       |     6 ||     6
       Blink             |       |       |       |       |       |     5 ||     5
Invok: Shadow Step       |       |       |       |       |     1 |     3 ||     4
Evoke: Wand              |       |     9 |    15 |    29 |    47 |    25 ||   125
       Sack of spiders   |       |       |       |     5 |     2 |       ||     7
       Fan of gales      |       |       |       |       |     5 |     2 ||     7
       Phantom mirror    |       |       |       |       |     1 |       ||     1
  Use: Scroll            |       |    11 |    16 |    14 |    13 |     9 ||    63
       Potion            |       |     1 |     3 |     4 |     9 |     4 ||    21
 Stab: Sleeping          |    11 |    15 |    18 |    22 |    27 |    10 ||   103
       Distracted        |       |       |     1 |     1 |     9 |     4 ||    15
       Paralysed         |       |       |       |    14 |       |       ||    14
       Held in net/web   |       |       |       |     1 |       |       ||     1
  Eat: Chunk             |       |     7 |     7 |    24 |    44 |    11 ||    93
       Ration            |       |     1 |     3 |     3 |     6 |     5 ||    18
Armor: Skin              |     2 |     5 |    11 |   106 |   128 |    51 ||   303
Dodge: Dodged            |    22 |    38 |   104 |   279 |   639 |   185 ||  1267
Block: Shield            |    23 |    36 |   112 |   446 |   986 |   338 ||  1941
       Rpst.: Long sword |    10 |     5 |    14 |       |       |       ||    29
       Scimitar          |       |       |     3 |     1 |       |       ||     4

Table legend:
 A = Spawn XP
 B = Non-spawn XP
 C = Spawn XP percentage of total XP
 D = Spawn monster count
 E = Non-spawn monster count
 F = Spawn count percentage of total count
 G = Total turns spent on level
                    A         B        C        D         E        F      G
               +---------+---------+-------+---------+---------+-------+---------
         Total |       0 |  169471 |   0.0 |       0 |     860 |   0.0 | 48818
               +---------+---------+-------+---------+---------+-------+---------
           D:1 |       0 |      65 |   0.0 |       0 |      38 |   0.0 |   899
           D:2 |       0 |      87 |   0.0 |       0 |      19 |   0.0 |  1500
           D:3 |       0 |      89 |   0.0 |       0 |      21 |   0.0 |   934
           D:4 |       0 |     343 |   0.0 |       0 |      19 |   0.0 |  1723
           D:5 |       0 |     313 |   0.0 |       0 |      19 |   0.0 |  1181
           D:6 |       0 |     976 |   0.0 |       0 |      26 |   0.0 |  1099
           D:7 |       0 |     964 |   0.0 |       0 |      28 |   0.0 |   823
           D:8 |       0 |    1499 |   0.0 |       0 |      20 |   0.0 |  1841
           D:9 |       0 |    3286 |   0.0 |       0 |      33 |   0.0 |  2172
          D:10 |       0 |    3309 |   0.0 |       0 |      30 |   0.0 |   962
          D:11 |       0 |    4295 |   0.0 |       0 |      27 |   0.0 |  1930
          D:12 |       0 |    5368 |   0.0 |       0 |      35 |   0.0 |  2393
          D:13 |       0 |    5869 |   0.0 |       0 |      27 |   0.0 |  1114
          D:14 |       0 |   16878 |   0.0 |       0 |      47 |   0.0 |  3618
          D:15 |       0 |   24039 |   0.0 |       0 |      60 |   0.0 |  3335
        Lair:1 |       0 |    3674 |   0.0 |       0 |      21 |   0.0 |  1810
        Lair:2 |       0 |    4882 |   0.0 |       0 |      22 |   0.0 |  2174
        Lair:3 |       0 |    8484 |   0.0 |       0 |      32 |   0.0 |  2912
        Lair:4 |       0 |    6933 |   0.0 |       0 |      21 |   0.0 |  2092
        Lair:5 |       0 |    6292 |   0.0 |       0 |      40 |   0.0 |  1350
        Lair:6 |       0 |   14682 |   0.0 |       0 |      73 |   0.0 |  2862
      Shoals:1 |       0 |    7478 |   0.0 |       0 |      20 |   0.0 |  1652
       Snake:1 |       0 |   18431 |   0.0 |       0 |      37 |   0.0 |  3482
       Snake:2 |       0 |    2363 |   0.0 |       0 |       4 |   0.0 |   151
         Orc:1 |       0 |    7921 |   0.0 |       0 |      45 |   0.0 |  1994
         Orc:2 |       0 |   20716 |   0.0 |       0 |      65 |   0.0 |  2184
       Ossuary |       0 |     235 |   0.0 |       0 |      31 |   0.0 |   495
               +---------+---------+-------+---------+---------+-------+---------
